 Dungeon Crawl Stone Soup version 0.20.1-1-g8b1a95d66d (webtiles) character file.

74662 Jynx the Bludgeoner (level 15, -1/97 HPs)
             Began as a Gargoyle Fighter on Jan 6, 2018.
             Was a High Priest of Okawaru.
             Slain by a fire elemental (3 damage)
             ... led by Azrael
             ... on level 1 of the Orcish Mines.
             The game lasted 00:52:08 (25130 turns).

Jynx the Bludgeoner (Gargoyle Fighter)             Turns: 25130, Time: 00:52:08

Health: -1/97      AC: 32    Str: 24    XL:     15   Next: 47%
Magic:  19/19      EV:  8    Int: 11    God:    Okawaru [*****.]
Gold:   1294       SH: 20    Dex: 12    Spells: 14/14 levels left

rFire    + + .     SeeInvis +   a - +1 flail (freeze)
rCold    + . .     Gourm    .   u - +3 shield {rC+ rF+}
rNeg     + + .     Faith    .   x - +0 chain mail of Starshine {rPois rN+ SInv}
rPois    ∞         Spirit   .   o - +2 hat
rElec    +         Reflect  +   O - +2 cloak
rCorr    .         Harm     .   (no gloves)
MR       +....                  P - +2 pair of boots {Fly}
Stlth    +.........             T - +4 amulet of reflection
Regen    0.3/turn               i - ring of protection from fire
MPRegen  0.2/turn               M - +3 ring of strength

@: berserk cooldown, flying, very slightly contaminated, slowed, invisible, very
slow
A: big wings, negative energy resistance 1, electricity resistance, unbreathing,
petrification resistance, rot immunity, AC +11
a: Stop Flying, Heroism, Finesse, Renounce Religion


You were on level 1 of the Orcish Mines.
You worshipped Okawaru.
Okawaru was extremely pleased with you.
You were not hungry.

You visited 4 branches of the dungeon, and saw 21 of its levels.
You also visited: Labyrinth and Volcano.

You collected 1294 gold pieces.

Inventory:

Hand Weapons
 a - a +1 flail of freezing (weapon)
Armour
 o - a +2 hat (worn)
 u - a +3 shield of resistance (worn)
 x - the +0 chain mail of Starshine (worn) {rPois rN+ SInv}
   (Okawaru gifted it to you on level 6 of the Lair of Beasts)

   It protects you from poison.
   It protects you from negative energy.
   It lets you see invisible.
 O - a +2 cloak (worn)
 P - a +2 pair of boots of flying (worn)
Jewellery
 i - a ring of protection from fire (left hand)
 q - a cursed ring of loudness {unknown}
 r - an uncursed ring of magical power
 s - an uncursed ring of positive energy
 M - a +3 ring of strength (right hand)
 T - a +4 amulet of reflection (around neck)
 W - an uncursed ring of protection from cold
Wands
 b - a wand of iceblast (9/15)
 j - a wand of flame (32/48)
 G - a wand of digging (4/24)
 K - a wand of digging (3/24)
 Q - a wand of lightning (8/15)
 X - a wand of disintegration (11/24)
 Y - a wand of confusion (18/48)
Scrolls
 l - 3 scrolls of recharging
 n - 8 scrolls of teleportation
 y - 3 scrolls of fear
 A - 13 scrolls of remove curse
 E - 2 scrolls of magic mapping
 I - 3 scrolls of fog
 L - 3 scrolls of enchant weapon
 R - a scroll of amnesia
Potions
 c - 2 potions of brilliance
 d - a potion of might
 h - 4 potions of mutation
 z - 2 potions of cancellation
 F - 9 potions of lignification
 J - 4 potions of ambrosia {unknown}
Comestibles
 f - 13 bread rations
 g - 6 meat rations
 k - 7 fruits
 m - 17 royal jellies


   Skills:
 + Level 12.5 Fighting
   Level 3.6 Long Blades
 * Level 15.4 Maces & Flails
 + Level 12.4 Armour
 - Level 8.7 Stealth
 + Level 12.8 Shields
 + Level 6.5 Invocations


You had 14 spell levels left.
You didn't know any spells.

Dungeon Overview and Level Annotations

Branches:
Dungeon (12/15)            Temple (1/1) D:6            Lair (6/6) D:9
 Shoals (0/4) Lair:4       Spider (0/4) Lair:4        Slime (0/5) Lair:6
    Orc (2/2) D:12
    Elf: Orc:2

Altars:
Ashenzari
Cheibriados
Dithmenos
Elyvilon
Fedhas
Gozag
Hepliaklqana
Kikubaaqudgha
Makhleb
Nemelex Xobeh
Okawaru
Qazlal
Ru
Sif Muna
Trog
Uskayaw
Vehumet
Xom
Yredelemnul
Zin
The Shining One

Annotations:
Orc:2 Azrael


Innate Abilities, Weirdness & Mutations

You are resistant to torment.
Your stone body is resilient. (AC +11)
You are immune to poison.
Your large and strong wings let you fly indefinitely.
You resist negative energy. (rN+)
You are resistant to electric shocks. (rElec)
You can survive without breathing.
You are immune to petrification.
You are immune to rotting.


Message History

The fire elemental burns you! You resist.
* * * LOW HITPOINT WARNING * * *
The fire elemental hits you. You block the fire elemental's attack.
Unknown command.
Okay, then.
Okay, then.
Evoke which item? (* to show all) (? for menu, Esc to quit)
Okay, then.
Okay, then.
The ogre gives up.
You block the fire elemental's attack.
Found 10 gold pieces.
You see here 26 gold pieces.
The fire elemental hits you. The fire elemental burns you! You resist.
* * * LOW HITPOINT WARNING * * *
Found 18 gold pieces.
Your resistance to elements expires.
You feel yourself slow down. The fire elemental hits you.
The fire elemental burns you! You resist.
You die...

........†...#..###..
......(><......o....
......[.§...#.......
.$.....§$§.$......#
##......§§§......#
#o..$....EE.....#
##.........E...##
###........E...#.##
#..........@.....#
##...##..........#
##.# ###..$....## ##
##.$....# #####.##
##


You could see an orc knight (fleeing) and 4 fire elementals.

Vanquished Creatures
  A minotaur (Lab)
  Josephine (D:12)
  A fire dragon (Volcano)
  Fannar (Orc:1)
  Erolcha (D:9)
  3 hydras
  4 two-headed ogres
  Erica (Orc:2)
  10 death yaks
  A hell hog (Volcano)
  Sonja (Lair:1)
  7 hell knights (D:11)
  The ghost of beanieboyaka the Spear-Bearer, a novice DrBe of Trog (D:8)
  An obsidian statue (Volcano)
  Pikel (D:7)
  2 necromancers (D:11)
  An orc knight (D:11)
  3 oklob plants (Lair:6)
  An orc sorcerer (Orc:2)
  A wolf spider (Lair:6)
  A deep elf mage (D:7)
  3 manticores
  2 ugly things (D:12)
  7 black mambas
  6 elephants (Lair:3)
  2 molten gargoyles (Lair:3)
  A gargoyle (D:10)
  15 spiny frogs
  6 torpor snails
  A rime drake (Lair:6)
  11 komodo dragons
  4 trolls
  A polar bear (Lair:4)
  16 blink frogs
  2 merfolk (Lair:4)
  A queen bee (D:9)
  2 hornets (Lair:6)
  8 hippogriffs
  4 dream sheep (Lair:4)
  2 redbacks (Lair:6)
  A vampire (D:10)
  7 spriggans (Lair:2)
  4 wraiths
  7 fire bats (Volcano)
  9 wyverns (Lair:6)
  A steam dragon (Volcano)
  43 yaks
  4 basilisks
  3 hungry ghosts
  Menkaure (D:7)
  An acid dragon (D:11)
  10 hell hounds
  A warg (Orc:1)
  10 porcupines
  17 water moccasins
  5 orc warriors
  3 slaves (D:7)
  4 ice beasts
  2 eyes of draining
  5 necrophages (Lair:4)
  7 sky beasts
  A hornet zombie (D:8)
  9 ogres
  2 phantoms
  6 centaurs
  12 crocodiles
  3 big kobolds
  21 bullfrogs
  A water moccasin zombie (D:7)
  2 wyvern skeletons
  2 scorpions (D:12)
  28 killer bees
  8 wights
  12 lava snakes
  7 crimson imps
  3 bullfrog zombies
  A quasit (D:11)
  2 centaur zombies
  5 centaur skeletons
  A hound (D:10)
  3 jellies
  8 orc priests
  A bullfrog skeleton (D:7)
  6 iguanas
  2 orc wizards
  12 worker ants
  A hound zombie (D:11)
  A hound skeleton (D:10)
  A howler monkey zombie (D:7)
  2 gnolls (D:2)
  14 adders
  5 shadow imps
  4 oozes
  A worm (D:4)
  3 dart slugs
  4 leopard geckos
  41 orcs
  A ball python (D:2)
  5 bats
  3 giant cockroaches
  8 goblins
  6 hobgoblins
  4 jackals
  20 kobolds
  11 quokkas
  7 frilled lizards
  5 rats
588 creatures vanquished.

Vanquished Creatures (others)
  A black bear (D:7)
  A centaur (D:12)
  A killer bee (D:7)
  A centaur skeleton (D:7)
  An orc (D:12)
  24 fungi
  19 plants (Lair:6)
48 creatures vanquished.

Grand Total: 636 creatures vanquished

Notes
Turn   | Place    | Note
-------+----------+-------------------------------------------
     0 | D:1      | Jynx the Gargoyle Fighter began the quest for the Orb.
     0 | D:1      | Reached XP level 1. HP: 14/14 MP: 1/1
    86 | D:1      | Reached XP level 2. HP: 19/19 MP: 2/2
   354 | D:1      | Reached XP level 3. HP: 21/23 MP: 3/3
   712 | D:2      | Reached XP level 4. HP: 29/29 MP: 4/4
   816 | D:2      | Reached skill level 3 in Maces & Flails
  1668 | D:3      | Reached XP level 5. HP: 28/33 MP: 5/5
  2398 | D:4      | Noticed an ogre
  2406 | D:4      | Killed an ogre
  2406 | D:4      | Reached skill level 4 in Maces & Flails
  2406 | D:4      | Reached XP level 6. HP: 28/38 MP: 6/6
  3184 | D:4      | Noticed a phantom
  3208 | D:4      | Killed a phantom
  3208 | D:4      | Reached skill level 5 in Shields
  3272 | D:4      | Reached XP level 7. HP: 14/44 MP: 7/7
  3587 | D:5      | Entered Level 5 of the Dungeon
  3707 | D:5      | Reached skill level 5 in Maces & Flails
  3841 | D:5      | Found a hazy altar of Hepliaklqana.
  3923 | D:5      | Reached skill level 5 in Armour
  4309 | D:6      | Found a staircase to the Ecumenical Temple.
  4355 | Temple   | Entered the Ecumenical Temple
  4519 | Temple   | Became a worshipper of Warmaster Okawaru
  4634 | D:6      | Reached skill level 5 in Fighting
  4807 | D:6      | Reached XP level 8. HP: 41/49 MP: 8/8
  5596 | D:7      | Reached skill level 6 in Maces & Flails
  5620 | D:7      | Reached * piety under Okawaru
  5882 | D:7      | Noticed Menkaure
  5898 | D:7      | Killed Menkaure
  6010 | D:7      | Noticed Pikel
  6136 | D:7      | Killed Pikel
  6136 | D:7      | Reached skill level 7 in Maces & Flails
  6136 | D:7      | Reached XP level 9. HP: 50/56 MP: 7/9
  6385 | D:7      | Found a bloodstained altar of Trog.
  6470 | D:7      | Noticed a deep elf mage
  6488 | D:7      | Killed a deep elf mage
  6488 | D:7      | Reached ** piety under Okawaru
  6488 | D:7      | Reached skill level 8 in Maces & Flails
  7736 | D:8      | Found a basalt altar of Yredelemnul.
  7813 | D:8      | Noticed beanieboyaka's ghost (novice DrBe)
  7850 | D:8      | Killed beanieboyaka's ghost
  7850 | D:8      | Reached *** piety under Okawaru
  7850 | D:8      | Reached skill level 9 in Maces & Flails
  7850 | D:8      | Reached skill level 1 in Stealth
  7850 | D:8      | Reached XP level 10. HP: 12/63 MP: 7/10
  8684 | D:9      | Noticed a two-headed ogre
  8692 | D:9      | Killed a two-headed ogre
  8692 | D:9      | Reached **** piety under Okawaru
  8692 | D:9      | Reached skill level 10 in Maces & Flails
  8896 | D:9      | Noticed a manticore
  8909 | D:9      | Killed a manticore
  9265 | D:9      | Noticed Erolcha
  9276 | D:9      | Paralysed by Erolcha for 7 turns
  9296 | D:9      | Killed Erolcha
  9296 | D:9      | Received a gift from Okawaru
  9296 | D:9      | Reached XP level 11. HP: 18/69 MP: 8/11
  9707 | D:9      | Found a staircase to the Lair.
  9862 | D:10     | Entered Level 10 of the Dungeon
  9898 | D:10     | Received a gift from Okawaru
 10083 | D:10     | Found a glowing silver altar of Zin.
 10117 | D:10     | Noticed a manticore
 10127 | D:10     | Killed a manticore
 10152 | D:10     | Reached skill level 5 in Stealth
 11064 | D:10     | Noticed a two-headed ogre
 11101 | D:10     | HP: 3/69 [something (3)]
 11244 | D:10     | Killed a two-headed ogre
 11244 | D:10     | Reached skill level 11 in Maces & Flails
 12174 | D:11     | Noticed a hell knight
 12190 | D:11     | Killed a hell knight
 12362 | D:11     | Noticed a hell knight
 12362 | D:11     | Noticed a necromancer
 12363 | D:11     | Noticed a necromancer
 12557 | D:11     | Noticed a hell knight
 12563 | D:11     | Noticed a hell knight
 12578 | D:11     | Noticed a hell knight
 12578 | D:11     | Killed a hell knight
 12578 | D:11     | Reached ***** piety under Okawaru
 12594 | D:11     | Killed a hell knight
 12594 | D:11     | Reached XP level 12. HP: 30/76 MP: 12/12
 12850 | D:11     | Received a gift from Okawaru
 12850 | D:11     | Reached skill level 12 in Maces & Flails
 12854 | D:11     | Received a gift from Okawaru
 13028 | D:11     | Reached skill level 10 in Shields
 13207 | D:11     | Reached skill level 10 in Armour
 14093 | D:11     | Noticed a two-headed ogre
 14106 | D:11     | Killed a two-headed ogre
 14106 | D:11     | Reached skill level 10 in Fighting
 14484 | D:12     | Noticed a two-headed ogre
 14490 | D:12     | Killed a two-headed ogre
 14567 | Lair:1   | Entered Level 1 of the Lair of Beasts
 14757 | Lair:1   | Noticed Sonja
 14799 | Lair:1   | Killed Sonja
 15224 | Lair:1   | Reached XP level 13. HP: 68/83 MP: 13/13
 15246 | Lair:1   | Reached skill level 13 in Maces & Flails
 16476 | Lair:2   | Received a gift from Okawaru
 16478 | Lair:2   | Got a warped triple sword {god gift}
 16588 | Lair:2   | Reached skill level 1 in Invocations
 18664 | Lair:3   | Got a faintly humming leather armour
 18675 | Lair:3   | Identified the +1 leather armour of Vudgh {+Blink} (You found it on level 3 of the Lair of Beasts)
 19180 | Lair:4   | Reached skill level 14 in Maces & Flails
 19380 | Lair:4   | Found a staircase to the Shoals.
 19399 | Lair:4   | Gained mutation: Your large and strong wings let you fly indefinitely. [Gargoyle growth]
 19399 | Lair:4   | Reached XP level 14. HP: 65/90 MP: 16/16
 19704 | Lair:4   | Received a gift from Okawaru
 19946 | Lair:4   | Found a hole to the Spider Nest.
 21183 | Lair:6   | Entered Level 6 of the Lair of Beasts
 21257 | Lair:6   | Found a labyrinth entrance.
 21285 | Lab      | Entered a labyrinth
 21411 | Lab      | Identified the Volume of the Scorching Escort
 21465 | Lair:6   | Reached skill level 1 in Long Blades
 21492 | Lair:6   | Reached skill level 5 in Invocations
 21527 | Lair:6   | Received a gift from Okawaru
 21561 | Lair:6   | Found a dark tunnel.
 21590 | Volcano  | Entered a volcano
 21868 | Volcano  | Found a radiant altar of Vehumet.
 22706 | Lair:6   | Reached skill level 15 in Maces & Flails
 22732 | Lair:6   | Received a gift from Okawaru
 22758 | Lair:6   | Got a fine chain mail {god gift}
 22769 | Lair:6   | Identified the +0 chain mail of Starshine {rPois rN+ SInv} (Okawaru gifted it to you on level 6 of the Lair of Beasts)
 22825 | Lair:6   | Reached XP level 15. HP: 71/96 MP: 19/19
 23011 | Lair:6   | Found a snail-covered altar of Cheibriados.
 23440 | Lair:6   | Found a staircase to the Slime Pits.
 24277 | D:12     | Noticed Josephine
 24287 | D:12     | Killed Josephine
 24760 | D:12     | Found a staircase to the Orcish Mines.
 25041 | Orc:1    | Entered Level 1 of the Orcish Mines
 25043 | Orc:1    | Noticed Fannar
 25044 | Orc:1    | Noticed Erica
 25074 | Orc:1    | Killed Fannar
 25084 | Orc:2    | Entered Level 2 of the Orcish Mines
 25086 | Orc:2    | Paralysed by an orc sorcerer for 2 turns
 25094 | Orc:2    | Noticed Azrael
 25101 | Orc:2    | Killed Erica
 25107 | Orc:2    | HP: 3/97 [two-headed ogre/giant club (4)]
 25121 | Orc:1    | HP: 7/145 [fire elemental[Azrael] (1)]
 25123 | Orc:1    | HP: 3/97 [fire elemental[Azrael] (1)]
 25123 | Orc:1    | HP: 1/97 [fire elemental[Azrael] (2)]
 25130 | Orc:1    | Slain by a fire elemental

Skill      XL: |  1  2  3  4  5  6  7  8  9 10 11 12 13 14 15 |
---------------+----------------------------------------------+-----
Maces & Flails | 3 4 5 7 9 10 11 12 14 15 | 15.4
Shields        | 4 5 6 7 8 9 10 11 12 | 12.8
Armour         | 4 5 6 7 8 9 10 11 12 | 12.4
Fighting       | 4 5 6 7 8 9 10 11 12 | 12.5
Stealth        | 1 4 6 8 |  8.7
Invocations    | 3 5 6 |  6.5
Long Blades    | 3 |  3.6

Action                   |  1- 3 |  4- 6 |  7- 9 | 10-12 | 13-15 || total
-------------------------+-------+-------+-------+-------+-------++-------
Melee: Flail             |    82 |   238 |   490 |   915 |  1550 ||  3275
Invok: Heroism           |       |       |     7 |    36 |    37 ||    80
       Finesse           |       |       |       |     2 |    13 ||    15
Evoke: Wand              |       |       |       |       |     1 ||     1
  Use: Scroll            |     5 |     5 |     5 |    11 |     9 ||    35
       Potion            |       |       |       |    18 |    11 ||    29
 Stab: Distracted        |       |       |       |     3 |     1 ||     4
       Invisible         |       |       |       |     7 |     1 ||     8
       Sleeping          |       |       |       |     4 |     6 ||    10
  Eat: Chunk             |       |     8 |    14 |    19 |    33 ||    74
       Fruit             |       |       |     2 |     1 |       ||     3
       Meat ration       |       |       |       |     1 |       ||     1
Armor: Scale mail        |    42 |   121 |   207 |   345 |   284 ||   999
       Chain mail        |       |       |       |       |   146 ||   146
Dodge: Dodged            |    24 |    75 |   118 |   239 |   306 ||   762
Block: Shield            |    38 |   118 |   268 |   625 |  1172 ||  2221
       Reflection        |       |       |       |       |    19 ||    19
